 Dungeon Crawl Stone Soup version 0.19-a0-1442-g3b32ff5 (webtiles) character file.

1811 rlgrobin the Cutter (level 8, -1/45 HPs)
             Began as a Deep Elf Chaos Knight on Sept 6, 2016.
             Was an Initiate of Nemelex Xobeh.
             Slain by a sky beast (5 damage)
             ... on level 8 of the Dungeon.
             The game lasted 00:30:15 (10294 turns).

rlgrobin the Cutter (Deep Elf Chaos Knight)        Turns: 10294, Time: 00:30:16

Health: -1/45      AC:  6    Str:  7    XL:     8   Next: 84%
Magic:  15/18      EV: 14    Int: 18    God:    Nemelex Xobeh [......]
Gold:   179        SH:  0    Dex: 16    Spells: 4 memorised, 11 levels left

rFire  . . .     SeeInvis .     o - +0 rapier
rCold  + . .     Gourm    .     b - +3 leather armour
rNeg   . . .     Faith    +     (no shield)
rPois  .         Spirit   .     B - +1 hat
rElec  .         Dismiss  .     (no cloak)
rCorr  .         Reflect  .     q - +0 pair of gloves
MR     .....     Harm     .     (no boots)
Stlth  +++.......               H - amulet of faith
                                (no ring)
                                n - ring of protection from cold

@: infused, drained
A: claws 2, blurry vision 1, deformed body, weak 1, wild magic 1
a: Renounce Religion


You were on level 8 of the Dungeon.
You worshipped Nemelex Xobeh.
Nemelex Xobeh was noncommittal.
You were near starving.

You visited 2 branches of the dungeon, and saw 9 of its levels.

You collected 456 gold pieces.
You spent 277 gold pieces at shops.

Inventory:

Hand Weapons
 a - a +0 short sword of chaos
 h - a +0 hunting sling
 o - a +0 rapier (weapon)
 r - the +7 war axe "Agempou" {pain, MP+9 Dex+4, unknown}
   (You found it on level 2 of the Dungeon)

   In the hands of one skilled in necromantic magic, it inflicts extra damage on
   living creatures.
   It affects your dexterity (+4).
   It affects your magic capacity (+9).
 C - a +0 dagger of draining
Missiles
 f - 60 arrows
 s - 12 poisoned needles
 t - 8 needles of confusion {god gift}
 x - 39 bolts {god gift}
 E - 15 sling bullets {god gift}
 R - 10 tomahawks (quivered)
Armour
 b - a +3 leather armour (worn)
 j - a +0 shield
 q - a +0 pair of gloves (worn)
 B - a +1 hat (worn)
Jewellery
 n - a ring of protection from cold (left hand)
 H - an amulet of faith (around neck)
Wands
 m - a wand of lightning (0/15)
 v - a wand of lightning (1/15)
 G - a wand of flame (0/48)
 I - a wand of flame (9/48)
Scrolls
 l - 6 scrolls of teleportation
 y - a scroll of magic mapping
 D - a scroll of blinking {unknown}
 J - 4 scrolls of remove curse
 L - a scroll of fog {unknown}
 O - a scroll of recharging
Potions
 d - 3 potions of brilliance
 e - 4 potions of curing
 g - 2 potions of cancellation {unknown}
 k - 2 potions of agility
 u - a potion of haste {unknown}
 w - 2 potions of ambrosia {unknown}
 z - a potion of cure mutation {unknown}
 A - 2 potions of flight {unknown}
 F - a potion of lignification {unknown}
 P - a potion of invisibility {unknown}
Books
 i - a book of Battle {god gift}

   Spells                             Type                      Level
   a - Infusion                       Charms                       1
   b - Shroud of Golubria             Charms/Translocation         2
   c - Song of Slaying                Charms                       2
   d - Spectral Weapon                Hexes/Charms                 3
   e - Regeneration                   Charms/Necromancy            3
 K - a book of Summonings

   Spells                             Type                      Level
   a - Recall                         Summoning/Translocation      3
   b - Aura of Abjuration             Summoning                    5
   c - Summon Demon                   Summoning                    5
   d - Summon Forest                  Summoning/Translocation      5
   e - Summon Mana Viper              Hexes/Summoning              5
   f - Shadow Creatures               Summoning                    6
 M - a book of the Sky

   Spells                             Type                      Level
   a - Summon Lightning Spire         Summoning/Air                4
   b - Airstrike                      Air                          4
   c - Silence                        Hexes/Air                    5
   d - Deflect Missiles               Charms/Air                   6
   e - Conjure Ball Lightning         Conjuration/Air              6
   f - Tornado                        Air                          9
 Q - a book of Cantrips

   Spells                             Type                      Level
   a - Confusing Touch                Hexes                        1
   b - Animate Skeleton               Necromancy                   1
   c - Summon Small Mammal            Summoning                    1
   d - Apportation                    Translocation                1
Miscellaneous
 N - a plain deck of escape {drawn: 2} {god gift}
Comestibles
 c - 6 bread rations
 p - 4 meat rations


   Skills:
 - Level 2.5(2.4) Fighting
 - Level 6.0(5.8) Short Blades
 - Level 0.7(0.6) Armour
 + Level 4.6(4.5) Dodging
 + Level 4.4(4.3) Stealth
 - Level 5.6(5.5) Spellcasting
 - Level 5.0(4.9) Charms
 - Level 4.2(4.1) Necromancy
 - Level 4.6(4.5) Translocations
 + Level 3.4(3.3) Evocations


You had 11 spell levels left.
You knew the following spells:

 Your Spells              Type           Power        Failure   Level  Hunger
a - Animate Skeleton      Necr           N/A          6%          1    None
b - Regeneration          Chrm/Necr      ####......   17%         3    ##.....
c - Shroud of Golubria    Chrm/Tloc      ####......   8%          2    #......
e - Infusion              Chrm           ####         4%          1    None


Dungeon Overview and Level Annotations

Branches:
Dungeon (8/15)             Temple (1/1) D:6
   Lair: D:8-11

Altars:
Ashenzari
Cheibriados
Dithmenos
Elyvilon
Fedhas
Hepliaklqana
Makhleb
Nemelex Xobeh
Okawaru
Qazlal
Ru
Sif Muna
Trog
Uskayaw
Vehumet
Xom
Yredelemnul
The Shining One

Shops:
D:5 [[}*   D:6 [

Annotations:
D:6 Edmund
D:7 exclusion: door, Joseph


Innate Abilities, Weirdness & Mutations

You have very sharp fingernails.
Scrolls take you a little longer to read.
Armour fits poorly on your strangely shaped body.
You are weak. (Str -2)
Your spells are a little harder to cast, but a little more powerful.


Message History

Okay, then.
Unknown command.
Evoke which item? (* to show all) (? for menu, Esc to quit)
Zapping:
I - a wand of flame (10/48)
Press: ? - help, Shift-Dir - straight line, f/p - sky beast
Aim: a sky beast (almost dead)
Okay, then.
Enter note: I trust in the power of the wand Evoke which item? (* to show all) (? for menu, Esc to quit)
Zapping:
I - a wand of flame (10/48)
Press: ? - help, Shift-Dir - straight line, f/p - sky beast
Aim: a sky beast (almost dead)
The puff of flame misses the sky beast.
This wand has 9 charges left.
The sky beast flickers out of sight!
Deactivating autopickup; reactivate with Ctrl-A.
Something hits you.
* * * LOW HITPOINT WARNING * * *
Something shocks you.
You die...
Your body disappears without a glow.

#.#
#.#
#.#
#.#
#.##
#..
####
#@<#
##{#
#.#
#.#
#.#
...
#.#
#.#
#.#


There were no monsters in sight!

Vanquished Creatures
  Menkaure (D:6)
  A sky beast (D:5)
  An ogre (D:7)
  A giant frog (D:7)
  A scorpion (D:6)
  3 wights
  A crimson imp (D:7)
  2 jellies
  11 orc wizards
  3 orc priests
  2 centaur skeletons
  A giant frog skeleton (D:7)
  An iguana (D:4)
  6 worker ants
  A hound skeleton (D:4)
  A worker ant zombie (D:6)
  11 adders
  2 shadow imps (D:5)
  2 oozes
  2 adder skeletons
  3 worms
  A dart slug (D:2)
  6 giant geckos
  21 orcs
  3 ball pythons
  A bat zombie (D:6)
  4 giant cockroaches
  10 goblins
  4 hobgoblins
  2 jackals (D:4)
  4 quokkas
  9 bats
  2 giant gecko skeletons
  3 giant newts
  A jackal zombie (D:6)
  5 kobolds
  A quokka zombie (D:7)
  6 rats
140 creatures vanquished.

Vanquished Creatures (collateral kills)
  An ice beast (D:6)
  2 phantoms (D:5)
  A howler monkey (D:4)
  A hound (D:4)
  An orc priest (D:3)
  A worker ant (D:4)
  A howler monkey skeleton (D:4)
  5 orcs
  A giant gecko skeleton (D:4)
14 creatures vanquished.

Grand Total: 154 creatures vanquished

Notes
Turn   | Place    | Note
-------+----------+-------------------------------------------
     0 | D:1      | rlgrobin the Deep Elf Chaos Knight began the quest for the Orb.
     0 | D:1      | Reached XP level 1. HP: 13/13 MP: 3/3
     2 | D:1      | Noticed a spriggan
     2 | D:1      | Noticed a centaur
     4 | D:1      | Noticed an octopode
     4 | D:1      | Noticed a troll
     6 | D:1      | Noticed a demonspawn
     6 | D:1      | Noticed an ogre
     8 | D:1      | Noticed a minotaur
     8 | D:1      | Noticed a draconian
    10 | D:1      | Noticed a vampire
    12 | D:1      | Noticed a naga
    12 | D:1      | Noticed a dwarf
    14 | D:1      | Noticed a merfolk
    16 | D:1      | Noticed a felid
    18 | D:1      | Noticed a vine stalker
    18 | D:1      | Noticed a demigod
    20 | D:1      | Noticed a tengu
    22 | D:1      | Noticed a gargoyle
    22 | D:1      | Noticed an elf
    24 | D:1      | Noticed a formicid
    24 | D:1      | Noticed a human
    26 | D:1      | Noticed a ghoul
    26 | D:1      | Noticed a halfling
    84 | D:1      | XOM: harmless Necr miscast
   225 | D:1      | Reached skill level 1 in Stealth
   402 | D:1      | Found a shadowy altar of Dithmenos.
   416 | D:1      | Reached XP level 2. HP: 11/18 MP: 4/4
   968 | D:1      | Reached XP level 3. HP: 21/22 MP: 5/5
  1446 | D:2      | Got a jewelled war axe
  1569 | D:1      | XOM: cast spell 'Summon Butterflies'
  1585 | D:1      | XOM: cloud trail
  1826 | D:2      | XOM: scenery: create altars
  2079 | D:2      | XOM: 2-stop teleportation journey
  2265 | D:2      | Found a stormy altar of Qazlal.
  2269 | D:2      | Reached XP level 4. HP: 27/27 MP: 6/6
  2342 | D:3      | XOM: god gift: scroll labeled MINTAK OGOM {god gift}
  2453 | D:3      | XOM: god gift: 8 needles of confusion {god gift}
  2666 | D:3      | XOM: 2-stop teleportation journey
  2668 | D:3      | XOM: cloud trail
  2942 | D:3      | XOM: summons friendly ufetubus
  2957 | D:3      | Reached skill level 4 in Short Blades
  3067 | D:3      | Found a sacrificial altar of Ru.
  3139 | D:3      | XOM is BORED!
  3139 | D:3      | XOM: give mutations
  3139 | D:3      | Gained mutation: You are clumsy. (Dex -2) [Xom's mischief]
  3139 | D:3      | Lost mutation: You are clumsy. (Dex -2) [Xom's mischief]
  3139 | D:3      | Gained mutation: You are dopey. (Int -2) [Xom's mischief]
  3139 | D:3      | Gained mutation: You tend to lose your temper in combat. [Xom's mischief]
  3220 | D:3      | XOM: butterfly on damage
  3269 | D:4      | XOM: scenery: create altars
  3303 | D:4      | Reached XP level 5. HP: 22/31 MP: 7/7
  3303 | D:4      | XOM: cast spell 'Chain of Chaos'
  3435 | D:4      | XOM: summons 2 friendly demons
  3437 | D:4      | XOM: divination: detect items
  3465 | D:4      | XOM: polymorph quasit -> crimson imp
  3622 | D:4      | XOM: god gift: book of Battle {god gift}
  3627 | D:4      | Learned a level 1 spell: Infusion
  3726 | D:4      | Reached skill level 1 in Charms
  3766 | D:4      | XOM: god gift: 20 bolts {god gift}
  3885 | D:4      | XOM: divination: detect items
  4014 | D:4      | XOM: give mutations
  4014 | D:4      | Lost mutation: You tend to lose your temper in combat. [Xom's mischief]
  4014 | D:4      | Gained mutation: Your body sometimes deteriorates upon taking damage. [Xom's mischief]
  4014 | D:4      | Gained mutation: Scrolls take you a little longer to read. [Xom's mischief]
  4020 | D:4      | Found a snail-covered altar of Cheibriados.
  4022 | D:4      | Found a basalt altar of Yredelemnul.
  4025 | D:4      | Found a hide-covered altar of Uskayaw.
  4056 | D:4      | XOM: summons friendly white imp
  4063 | D:4      | Reached skill level 1 in Evocations
  4126 | D:4      | XOM: potion effect (brilliance)
  4129 | D:4      | XOM: summons friendly crimson imp
  4131 | D:4      | XOM: butterfly on damage
  4149 | D:4      | Reached XP level 6. HP: 10/36 MP: 9/9
  4342 | D:4      | XOM: mild Conj miscast
  4381 | D:4      | XOM: mild Necr miscast
  4478 | D:4      | XOM: severe Conj miscast
  4617 | D:4      | XOM: harmless Erth miscast
  4643 | D:4      | XOM: give mutations
  4643 | D:4      | Gained mutation: You have sharp fingernails. [Xom's mischief]
  4643 | D:4      | Gained mutation: Armour fits poorly on your strangely shaped body. [Xom's mischief]
  4643 | D:4      | Lost mutation: Your body sometimes deteriorates upon taking damage. [Xom's mischief]
  4683 | D:4      | XOM: polymorph orc -> adder
  4701 | D:4      | Reached skill level 5 in Short Blades
  5175 | D:3      | XOM: give mutations
  5175 | D:3      | Gained mutation: You are frail. (-10% HP) [Xom's mischief]
  5175 | D:3      | Lost mutation: You are frail. (-10% HP) [Xom's mischief]
  5175 | D:3      | Lost mutation: Scrolls take you a little longer to read. [Xom's mischief]
  5248 | D:4      | XOM: scenery: create altars
  5470 | D:4      | Reached skill level 6 in Short Blades
  5561 | D:3      | XOM: give mutations
  5561 | D:3      | Gained mutation: You are weak. (Str -2) [Xom's mischief]
  5561 | D:3      | Gained mutation: Scrolls take you a little longer to read. [Xom's mischief]
  5561 | D:3      | Lost mutation: Armour fits poorly on your strangely shaped body. [Xom's mischief]
  5576 | D:3      | XOM: divination: detect creatures
  5586 | D:3      | XOM: cloud trail
  5751 | D:3      | XOM: god gift: 45 gold pieces {god gift}
  5756 | D:3      | Learned a level 2 spell: Shroud of Golubria
  5855 | D:4      | Reached skill level 1 in Spellcasting
  5855 | D:4      | Reached XP level 7. HP: 24/40 MP: 1/10
  6295 | D:4      | XOM: confuse monster(s)
  6296 | D:4      | Reached skill level 1 in Translocations
  6316 | D:4      | XOM is BORED!
  6316 | D:4      | XOM: swap monsters
  6318 | D:4      | no
  6355 | D:4      | XOM: scenery: create altars
  6395 | D:5      | Entered Level 5 of the Dungeon
  6396 | D:5      | XOM: 1-stop teleportation journey
  6412 | D:5      | XOM: confusion (+ monsters)
  6417 | D:5      | XOM: cast spell 'Call Canine Familiar'
  6438 | D:5      | Found Kuitwuq's Armour Boutique.
  6444 | D:5      | Bought a +1 hat for 143 gold pieces
  6550 | D:5      | Learned a level 3 spell: Regeneration
  6551 | D:5      | XOM: god gift: 15 sling bullets {god gift}
  6792 | D:5      | Found a radiant altar of Vehumet.
  6792 | D:5      | XOM: 3-stop teleportation journey
  6846 | D:5      | huzza
  6856 | D:5      | what
  6856 | D:5      | why is it still cuirsed
  6933 | D:5      | XOM: cast spell 'Ice Form'
  6939 | D:5      | Reached skill level 5 in Charms
  7022 | D:5      | XOM: summons friendly ufetubus
  7027 | D:5      | Reached skill level 1 in Necromancy
  7056 | D:5      | Found Katzag's General Store.
  7079 | D:5      | Bought a scroll of remove curse for 36 gold pieces
  7098 | D:5      | Reached XP level 8. HP: 45/45 MP: 12/16
  7147 | D:5      | Found a hazy altar of Hepliaklqana.
  7224 | D:5      | XOM: give mutations
  7224 | D:5      | Gained mutation: You are very dopey. (Int -4) [Xom's mischief]
  7224 | D:5      | Lost mutation: You are very dopey. (Int -4) [Xom's mischief]
  7224 | D:5      | Gained mutation: Your spells are a little harder to cast, but a little more powerful. [Xom's mischief]
  7224 | D:5      | Gained mutation: Armour fits poorly on your strangely shaped body. [Xom's mischief]
  7358 | D:5      | Found Uhio's Armour Boutique.
  7554 | D:5      | Found Bohieb's Gadget Shoppe.
  7557 | D:5      | Bought a wand of flame (12/48) for 98 gold pieces
  7871 | D:6      | um
  8056 | D:6      | Noticed Menkaure
  8061 | D:6      | Killed Menkaure
  8061 | D:6      | Reached skill level 5 in Spellcasting
  8067 | D:6      | Found a radiant altar of Vehumet.
  8167 | D:6      | XOM: smoke on damage
  8295 | D:6      | XOM: polymorph orc -> ball python
  8382 | D:6      | Noticed Edmund
  8476 | D:6      | XOM: 1-stop teleportation journey
  8518 | D:6      | Found Qeomp's Armour Boutique.
  8556 | D:6      | Found a staircase to the Ecumenical Temple.
  8558 | D:6      | XOM: summons 4 hostile shadow creatures
  8562 | Temple   | Entered the Ecumenical Temple
  8577 | Temple   | XOM: mild Necr miscast
  8592 | Temple   | Fell from the grace of Xom
  8592 | Temple   | Became a worshipper of Nemelex Xobeh the Trickster
  9567 | D:7      | XOM: give mutations
  9567 | D:7      | Lost mutation: You are dopey. (Int -2) [Xom's mischief]
  9567 | D:7      | Gained mutation: You have very sharp fingernails. [Xom's mischief]
  9849 | D:7      | Received a gift from Nemelex Xobeh
  9861 | D:7      | Found an iron altar of Okawaru.
  9933 | D:7      | Learned a level 1 spell: Animate Skeleton
  9969 | D:7      | Noticed Joseph
 10294 | D:8      | I trust in the power of the wand
 10294 | D:8      | Slain by a sky beast

Vault maps used:
D:1:      kb_arrival_jail, minmay_hexomino_r4
D:2:      marbit_many_paths, first_bread, minivault_5
D:3:      lemuel_coloured_pillars_altar
D:4:      grunt_temple_overflow_diamond
D:5:      lemuel_round_altar, serial_shops, kennysheep_mini, shop,
          nicolae_shop_waterfront, shop, minmay_misc_feat_ornament,
          vehumet_altar_wand_db
D:6:      old_standard_altar, kennysheep_vampire_church, serial_shops, shop,
          uniq_menkaure, uniq_edmund
D:7:      kennysheep_little_box, kennysheep_generic_room_13, uniq_joseph
D:8:      grunt_temple_overflow_gold_and_silver, dpeg_lair_monsters
Temple:   chequers_temple_sunken

Skill      XL: |  1  2  3  4  5  6  7  8 |
---------------+-------------------------+-----
Stealth        | 1 3 4 |  4.4
Dodging        | 3 4 |  4.6
Short Blades   | 4 6 |  6.0
Charms         | 2 3 5 |  5.0
Evocations     | 2 3 |  3.4
Spellcasting   | 1 4 5 |  5.6
Translocations | 3 4 |  4.6
Necromancy     | 2 4 |  4.2
Fighting       | |  2.5
Armour         | |  0.7

Action                   |  1- 3 |  4- 6 |  7- 9 || total
-------------------------+-------+-------+-------++-------
Melee: Short sword       |    79 |       |       ||    79
       Rapier            |    63 |   199 |   367 ||   629
       Unarmed           |       |       |     3 ||     3
Throw: Tomahawk          |       |       |     5 ||     5
       Stone             |       |       |     1 ||     1
 Cast: Infusion          |       |     2 |    28 ||    30
       Shroud of Golubri |       |     1 |    20 ||    21
       Regeneration      |       |       |     9 ||     9
Evoke: Wand              |     1 |    12 |    25 ||    38
       Deck              |       |       |     2 ||     2
  Use: Scroll            |     6 |     4 |     6 ||    16
       Potion            |       |     2 |       ||     2
 Stab: Paralysed         |     2 |       |       ||     2
       Sleeping          |     1 |       |     4 ||     5
       Distracted        |       |     1 |     1 ||     2
       Confused          |       |       |     2 ||     2
  Eat: Chunk             |     3 |     5 |    10 ||    18
       Pizza             |     1 |       |       ||     1
       Beef jerky        |       |     1 |     1 ||     2
       Bread ration      |       |     1 |     1 ||     2
Armor: Leather armour    |    48 |    65 |    94 ||   207
       Skin              |       |       |     3 ||     3
Dodge: Dodged            |    77 |   130 |   190 ||   397
